 Dungeon Crawl Stone Soup version 0.26.1-2-gb8aa6d0cf2 (webtiles) character file.

Game seed: 5172519678872973254

427 Gadfly the Skirmisher (level 6, -5/38 HPs)
             Began as a Gargoyle Fighter on Feb 17, 2021.
             Was a Believer of Zin.
             Slain by an ogre
             ... wielding a +0 giant club
              (7 damage)
             ... on level 3 of the Dungeon.
             The game lasted 00:06:45 (3194 turns).

Gadfly the Skirmisher (Gargoyle Fighter)            Turns: 3194, Time: 00:06:46

Health: -5/38      AC: 16    Str: 20    XL:     6   Next: 97%
Magic:  8/8        EV:  3    Int:  9    God:    Zin [**....]
Gold:   172        SH:  9    Dex: 10    Spells: 5/5 levels left

rFire    . . .     SeeInvis .   a - +0 flail
rCold    . . .     Faith    .   c - +0 kite shield
rNeg     + . .     Spirit   .   e - +0 plate armour
rPois    ∞         Reflect  .   (no helmet)
rElec    +         Harm     .   (no cloak)
rCorr    .         Rampage  .   (no gloves)
Will     .....                  (no boots)
Stlth    ..........             (no amulet)
HPRegen  0.12/turn              (no ring)
MPRegen  0.11/turn              (no ring)

@: no status effects
A: negative energy resistance 1, electricity resistance, unbreathing,
petrification resistance, miasma immunity, AC +4
a: Renounce Religion, Recite, Vitalisation, Donate Gold


You were on level 3 of the Dungeon.
You worshipped Zin.
Zin was pleased with you.
You visited 1 branch of the dungeon, and saw 4 of its levels.

You collected 191 gold pieces.
You donated 19 gold pieces to Zin.

Inventory:

Hand Weapons
 a - a +0 flail (weapon)
 b - a +1 spear of freezing
Armour
 c - a +0 kite shield (worn)
 e - a +0 plate armour (worn)
Wands
 l - a wand of disintegration (11)
Scrolls
 k - a scroll of remove curse
Potions
 d - 2 potions of might
 f - a potion of curing
 g - 2 potions of lignification
 h - a potion of attraction
 i - a potion of heal wounds


   Skills:
 + Level 4.2 Fighting
 * Level 3.7 Maces & Flails
 + Level 4.2 Armour
 + Level 4.0 Shields
 * Level 3.3 Invocations
 * Level 2.6 Evocations


You had 5 spell levels left.
You didn't know any spells.
Your spell library was empty.

Dungeon Overview and Level Annotations

Branches:
Dungeon (4/15)
 Temple: D:4-7

Altars:
Fedhas
Sif Muna
Trog
Uskayaw
Zin


Innate Abilities, Weirdness & Mutations

You are resistant to torment.
Your stone body is resilient. (AC +4)
You are immune to poison.
You resist negative energy. (rN+)
You are resistant to electric shocks. (rElec)
You can survive without breathing.
You are immune to petrification.
You are immune to miasma.


Message History

The ogre is severely wounded.
The ogre is lost in a daze.
You hit the ogre but do no damage.
The ogre is severely wounded.
The ogre hits you with a +0 giant club.
You hit the ogre.
The ogre is severely wounded.
The ogre hits you with a +0 giant club!
You hit the ogre.
The ogre is severely wounded.
The ogre hits you with a +0 giant club!
* * * LOW HITPOINT WARNING * * *
You hit the ogre.
The ogre is severely wounded.
The ogre is no longer dazed.
The ogre hits you with a +0 giant club.
* * * LOW HITPOINT WARNING * * *
Your shield and plate armour prevent you from hitting the ogre.
The ogre is severely wounded.
The ogre hits you with a +0 giant club!
You die...

....###.......©.............#####
..†## #.....................##...
##..# #...................[##....
#..###.......#............#.....
##........##.#..........###..._.
###.#....##.#.........>..#.....
#...#.###.)..........####....
###.#.# ###.....###### ##...
#...####..@.### ###.#
##.......#O.#### #....
#######.........>....# #.#..
#....................## ##.###
...#..########........######..# #
.....#########...............## #
...###......##...............####
...# #......###..........###.....
)..# #......................#####


You could see an ogre.

Vanquished Creatures
  Sigmund (D:2)
  An ice beast (D:3)
  2 orc priests (D:3)
  A worker ant (D:3)
  2 adders (D:3)
  2 shadow imps (D:3)
  An ooze (D:2)
  3 worms
  3 dart slugs
  An orc (D:3)
  5 bats
  4 giant cockroaches
  5 goblins
  3 hobgoblins
  A quokka (D:2)
  2 frilled lizards
  4 kobolds
  A leopard gecko skeleton (D:3)
  12 rats
54 creatures vanquished.

Vanquished Creatures (others)
  A wizard (D:3)
1 creature vanquished.

Grand Total: 55 creatures vanquished

Notes
Turn   | Place    | Note
-------+----------+-------------------------------------------
     0 | D:1      | Gadfly the Gargoyle Fighter began the quest for the Orb.
     0 | D:1      | Reached XP level 1. HP: 14/14 MP: 1/1
    94 | D:1      | Reached XP level 2. HP: 18/19 MP: 2/2
   327 | D:1      | Reached skill level 1 in Invocations
   874 | D:2      | Reached XP level 3. HP: 23/23 MP: 3/3
  1098 | D:2      | Reached skill level 1 in Evocations
  1230 | D:2      | Noticed Sigmund
  1577 | D:2      | Killed Sigmund
  1578 | D:2      | Reached XP level 4. HP: 18/29 MP: 3/5
  1578 | D:2      | Reached XP level 5. HP: 21/33 MP: 3/6
  1718 | D:2      | Found a hide-covered altar of Uskayaw.
  2054 | D:3      | Found a transporter.
  2125 | D:3      | Found a shimmering blue altar of Sif Muna.
  2154 | D:3      | Found a blossoming altar of Fedhas.
  2167 | D:3      | Found a glowing silver altar of Zin.
  2178 | D:3      | Became a worshipper of Zin the Law-Giver
  2178 | D:3      | Reached * piety under Zin
  2236 | D:3      | Found a bloodstained altar of Trog.
  2257 | D:3      | Found a transporter.
  2292 | D:3      | Noticed a wizard
  2294 | D:3      | Killed a wizard
  2438 | D:3      | Reached XP level 6. HP: 38/38 MP: 7/7
  2870 | D:3      | Reached ** piety under Zin
  2908 | D:4      | Noticed an ice beast
  2969 | D:3      | Killed an ice beast
  3194 | D:3      | Slain by an ogre

Illustrated notes

Levels and vault maps discovered:
D:1:      minmay_arrival_diagonal_passages, layout_basic, amethyst_killhole
D:2:      layout_loops_ring, eat_drink_and_be_merry_uskayaw,
          grunt_decor_mini_mirrors, uniq_sigmund
D:3:      gammafunk_wand_slinger, layout_rooms, lemuel_round_altar,
          lemuel_round_altar, marbit_many_paths, trog_wizard
D:4:      layout_cave_pools, xom_butterflies, evilmike_ruin_ashenzari,
          okawaru_gym_becter, temple_fountains

Skill      XL: |  1  2  3  4  5  6 |
---------------+-------------------+-----
Invocations    | 1 2 3 |  3.3
Evocations     | 2 |  2.6
Maces & Flails | 3 |  3.7
Fighting       | 4 |  4.2
Armour         | 4 |  4.2
Shields        | 4 |  4.0

Action                   |  1- 3 |  4- 6 || total
-------------------------+-------+-------++-------
Melee: Flail             |    93 |    92 ||   185
       Spear             |       |    31 ||    31
Invok: Recite            |       |     1 ||     1
Evoke: Wand              |       |     2 ||     2
  Use: Scroll            |     6 |     4 ||    10
       Potion            |     2 |     2 ||     4
 Stab: Distracted        |     1 |       ||     1
Armor: Scale mail        |    45 |     4 ||    49
       Plate armour      |       |    73 ||    73
Dodge: Dodged            |    26 |    12 ||    38
Block: Kite shield       |    52 |    66 ||   118
